 Dungeon Crawl Stone Soup version 0.30-a0-737-gf23d94013f (webtiles) character file.

Game seed: 6009391469302663670

27972 Strat the Basher (level 13, 0/102 HPs)
             Began as a Gnoll Reaver on Feb 1, 2023.
             Was an Initiate of Gozag.
             Killed from afar by a fire dragon (35 damage)
             ... with a blast of flame
             ... on level 11 of the Dungeon.
             The game lasted 00:42:37 (21717 turns).

Strat the Basher (Gnoll Reaver)                    Turns: 21717, Time: 00:42:38

Health: 0/102      AC:  9    Str: 17    XL:     13   Next: 35%
Magic:  25/26      EV: 13    Int: 16    God:    Gozag
Gold:   2178       SH: 15    Dex: 10    Spells: 19/31 levels left

rFire   . . .      SeeInvis .    a - +3 morningstar (flame)
rCold   + . .      Faith    .    o - +0 kite shield
rNeg    . . .      Spirit   .    s - +0 leather armour
rPois   .          Reflect  +    E - +1 helmet {Int+3}
rElec   .          Harm     .    u - scarf {repulsion}
rCorr   .          Rampage  .    (no gloves)
Will    .....                    v - +2 pair of boots
Stlth   +++                      m - amulet of reflection
HPRegen 0.37/turn                C - ring of wizardry
MPRegen 0.20/turn                b - ring of protection from cold

@: gold aura, repel missiles
A: fangs 1, strong nose, distributed training
a: Renounce Religion, Potion Petition, Call Merchant, Bribe Branch


You were on level 11 of the Dungeon.
You worshipped Gozag.
Gozag was most pleased with you.
You visited 3 branches of the dungeon, and saw 16 of its levels.

You collected 2970 gold pieces.
You spent 201 gold pieces at shops.
You paid 591 gold pieces to Gozag.

Inventory:

Hand Weapons
 a - a +3 morningstar of flaming (weapon)
Missiles
 f - 35 poisoned darts
 i - 3 datura-tipped darts
 B - 5 javelins
Armour
 o - a +0 kite shield (worn)
 s - a +0 leather armour (worn)
 u - a scarf of repulsion (worn)
 v - a +2 pair of boots (worn)
 E - a +1 helmet of intelligence (worn)
 L - a +2 chain mail of fire resistance
Jewellery
 b - a ring of protection from cold (right hand)
 c - a +6 ring of intelligence
 l - the ring of Vuufydef {rElec rC+ Int+6 Slay-3 SInv}
   (You found it on level 4 of the Dungeon)

   [ring of intelligence]

   Int:       It affects your intelligence (+6).
   Slay:      It affects your accuracy & damage with ranged weapons and melee
   (-3).
   rC:        It protects you from cold.
   rElec:     It insulates you from electricity.
   SInv:      It lets you see invisible.
 m - an amulet of reflection (around neck)
 C - a ring of wizardry (left hand)
 D - a +6 ring of strength
Wands
 y - a wand of paralysis (27)
 G - a wand of mindburst (6)
 I - a wand of roots (10)
 J - a wand of flame (4)
Scrolls
 d - 4 scrolls of enchant weapon
 n - 6 scrolls of identify
 t - a scroll of brand weapon
 F - a scroll of fog
 H - 3 scrolls of silence
 K - a scroll of teleportation
Potions
 e - 3 potions of mutation
 g - a potion of cancellation
 j - a potion of might
 k - a potion of magic
 p - a potion of haste
 q - 3 potions of ambrosia
 r - 2 potions of curing
 w - 2 potions of flight
 x - a potion of invisibility
 z - 6 potions of attraction
 A - a potion of lignification
Miscellaneous
 h - a lightning rod (3/4)


   Skills:
 + Level 9.7 Fighting
 + Level 8.5 Short Blades
 + Level 8.5 Long Blades
 + Level 8.5 Axes
 + Level 10.8 Maces & Flails
 + Level 8.5 Polearms
 + Level 8.5 Staves
 + Level 8.5 Ranged Weapons
 + Level 8.5 Throwing
 + Level 8.5 Armour
 + Level 9.7 Dodging
 + Level 8.5 Stealth
 + Level 8.5 Shields
 + Level 8.5 Unarmed Combat
 + Level 9.9 Spellcasting
 + Level 9.0 Conjurations
 + Level 7.1 Hexes
 + Level 7.1 Summonings
 + Level 7.1 Necromancy
 + Level 7.1 Translocations
 + Level 7.1 Transmutations
 + Level 7.1 Fire Magic
 + Level 7.1 Ice Magic
 + Level 7.1 Air Magic
 + Level 7.1 Earth Magic
 + Level 7.1 Poison Magic
 + Level 9.3 Invocations
 + Level 8.5 Evocations


You had 19 spell levels left.
You knew the following spells:

 Your Spells              Type           Power      Damage    Failure   Level
a - Kiss of Death         Conj/Necr      100%       2d13      1%          1
b - Momentum Strike       Conj/Tloc      66%        3d9       1%          2
c - Hailstorm             Conj/Ice       33%        3d8       1%          3
d - Stone Arrow           Conj/Erth      66%        3d11      1%          3
e - Frozen Ramparts       Ice            60%        1d10      1%          3

Your spell library contained the following spells:

 Spells                   Type           Power      Damage    Failure   Level
 Freeze                   Ice            100%       1d10      1%          1
 Animate Armour           Summ/Erth      60%        N/A       6%          4
 Lehudib's Crystal Spear  Conj/Erth      16%        10d5      100%        8


Dungeon Overview and Level Annotations

Branches:
Dungeon (11/15)            Temple (1/1) D:5            Lair (4/5) D:10
 Shoals (0/4) Lair:2       Spider (0/4) Lair:3          Orc (0/2) D:10
  Slime: Lair:4-5

Altars:
Ashenzari
Cheibriados
Dithmenos
Elyvilon
Fedhas
Gozag
Hepliaklqana
Kikubaaqudgha
Makhleb
Nemelex Xobeh
Okawaru
Qazlal
Ru
Sif Muna
Trog
Uskayaw
Vehumet
Wu Jian
Xom
Yredelemnul
Zin
The Shining One

Shops:
D:1 :   D:6 ***   D:9 =   Lair:3 (

Annotations:
D:6 3 runed translucent doors, tinescath's ghost, novice DrHW
Lair:1 3 runed translucent doors, MrRush's ghost, journeyman MiFi
Lair:4 Kirke


Innate Abilities, Weirdness & Mutations

You have very sharp teeth.
Your uncanny sense of smell can sniff out nearby items.
Your experience applies equally to all skills.


Message History

A fire dragon comes into view.
The wall freezes the kobold demonologist.
The kobold demonologist casts a spell.
The centaur warrior completely resists.
The wall freezes the centaur warrior but does no damage.
You block the centaur warrior's attack. x2
Your frozen ramparts will break if you move.
Continue?
The centaur warrior attacks as you move away!
The centaur warrior hits you with a +0 dagger.
* * * LOW HITPOINT WARNING * * *
The centaur warrior kicks you.
* * * LOW HITPOINT WARNING * * *
The frozen ramparts melt away as you move.
The iron imp disappears in a puff of smoke!
The centaur warrior unwields a +0 dagger.
The centaur warrior wields a +0 longbow.
The centaur warrior shoots an arrow.
The arrow barely misses you.
You hear an angry buzzing noise.
Things that are here:
6 gold pieces; a +0 spear; a +0 ring mail The centaur warrior shoots an arrow.
The arrow hits you!
* * * LOW HITPOINT WARNING * * *
Okay, then.
Aiming: Mindburst
Press: ? - help, Shift-Dir - straight line, f/p - centaur warrior
Aim: a centaur warrior, wielding a +0 longbow and wearing the ring "Exeolu" {Wiz rElec rC++} (severely wounded, chance to affect: 76%)
The centaur warrior's mind is blasted!!
You blow up the centaur warrior!
The kobold demonologist is distracted by your dazzling golden aura.
A komodo dragon comes into view.
A wraith comes into view.
The quasit is distracted by your dazzling golden aura.
The wraith moves out of view.
The quasit is no longer distracted by gold.
A hornet comes into view.
The quasit is distracted by your dazzling golden aura.
The fire dragon breathes flames at you. The blast of flame hits you!!
You die...
Your body crumbles into a pile of gold.

######...#.####...###
#.)))..$...#####(##
#.####...#....$..# #.#
#....$K$.$...# #.#
#.#.##$####..# #.#
#.#.##.# #..# # #.#
#.#..5OK ...# #.###
#.###.####.####..#
#.#.###...@.....5....[.#
#.<.)....<...###y..#.#.#
#.#.###..#..>###.Q..###.
#.# #..#.lD......##
#..................
...###.####|####.## #..#
##. ..# ∆ $ #..# #.W#$.
#..h ∆ .....#


You could see a fire dragon (catching breath), a komodo dragon, a hornet and a
quasit (summoned, wandering).

Vanquished Creatures
  A boulder beetle (Lair:3)
  A two-headed ogre (D:10)
  An ogre mage (D:11)
  A centaur warrior (D:11)
  3 death yaks (D:9)
  Pikel (D:5)
  A cyclops (D:11)
  3 black mambas
  A gargoyle (D:11)
  10 cane toads
  An unseen horror (D:11)
  A kobold demonologist (D:10)
  2 rime drakes
  2 komodo dragons
  A meliai (D:11)
  2 trolls
  17 blink frogs
  A hornet (D:8)
  2 shadows
  2 wraiths
  4 wyverns
  3 basilisks
  A hog (Lair:4)
  29 yaks
  2 vampire mosquitoes (D:11)
  A redback (Lair:3)
  2 steam dragons
  12 water moccasins
  A water moccasin (shapeshifter) (D:11)
  3 orc warriors
  3 black bears
  An ogre (D:7)
  6 centaurs
  11 wolves
  A lemure (D:4)
  3 phantoms
  Blork the orc (D:4)
  2 gnoll sergeants
  7 bullfrogs
  4 scorpions
  7 wights
  A troll zombie (D:10)
  14 killer bees
  2 electric eels (D:9)
  5 howler monkeys
  7 orc priests
  3 hounds (D:5)
  2 gnoll boudas
  Jessica (D:3)
  6 orc wizards
  2 iguanas
  3 hell rats (D:10)
  7 ogre zombies (D:10)
  18 gnolls
  4 adders
  A river rat (D:10)
  An ufetubus (D:5)
  6 worms
  2 dart slugs (D:1)
  31 orcs
  8 ball pythons
  8 bats
  6 endoplasms
  3 giant cockroaches
  3 hobgoblins (D:1)
  2 jackals (D:3)
  7 kobolds
  4 quokkas
  6 frilled lizards
  8 goblins
  3 goblin zombies (D:10)
  A hobgoblin skeleton (D:10)
  5 hobgoblin zombies (D:10)
  2 orc skeletons (D:10)
  14 orc zombies (D:10)
  11 rats
365 creatures vanquished.

Vanquished Creatures (others)
  A wizard (D:6)
  An orc (D:9)
  21 fungi
  50 plants
73 creatures vanquished.

Grand Total: 438 creatures vanquished

Notes
Turn   | Place    | Note
-------+----------+-------------------------------------------
     0 | D:1      | Strat the Gnoll Reaver began the quest for the Orb.
     0 | D:1      | Reached XP level 1. HP: 20/20 MP: 6/6
   148 | D:1      | Found a faded altar of an unknown god.
   161 | D:1      | Reached XP level 2. HP: 17/26 MP: 7/7
   204 | D:1      | Learned a level 2 spell: Momentum Strike
   317 | D:1      | Reached skill level 5 in Spellcasting
   317 | D:1      | Reached XP level 3. HP: 31/31 MP: 7/9
   321 | D:1      | Learned a level 3 spell: Hailstorm
   456 | D:1      | Found Baupn's Book Shoppe.
   531 | D:1      | Reached skill level 1 in Invocations
  1015 | D:2      | Reached skill level 1 in Short Blades
  1015 | D:2      | Reached skill level 1 in Long Blades
  1015 | D:2      | Reached skill level 1 in Axes
  1015 | D:2      | Reached skill level 1 in Polearms
  1015 | D:2      | Reached skill level 1 in Staves
  1015 | D:2      | Reached skill level 1 in Ranged Weapons
  1015 | D:2      | Reached skill level 1 in Throwing
  1015 | D:2      | Reached skill level 1 in Armour
  1015 | D:2      | Reached skill level 1 in Stealth
  1015 | D:2      | Reached skill level 1 in Shields
  1015 | D:2      | Reached skill level 1 in Unarmed Combat
  1015 | D:2      | Reached skill level 1 in Evocations
  1431 | D:3      | Reached XP level 4. HP: 37/38 MP: 11/11
  1730 | D:3      | Reached skill level 1 in Hexes
  1730 | D:3      | Reached skill level 1 in Summonings
  1730 | D:3      | Reached skill level 1 in Necromancy
  1730 | D:3      | Reached skill level 1 in Translocations
  1730 | D:3      | Reached skill level 1 in Transmutations
  1730 | D:3      | Reached skill level 1 in Fire Magic
  1730 | D:3      | Reached skill level 1 in Ice Magic
  1730 | D:3      | Reached skill level 1 in Air Magic
  1730 | D:3      | Reached skill level 1 in Earth Magic
  1730 | D:3      | Reached skill level 1 in Poison Magic
  1982 | D:3      | Reached XP level 5. HP: 28/42 MP: 12/12
  2282 | D:3      | Noticed Jessica
  2301 | D:3      | Killed Jessica
  2611 | D:3      | Reached XP level 6. HP: 47/50 MP: 13/13
  2726 | D:4      | Reached skill level 5 in Fighting
  2726 | D:4      | Reached skill level 5 in Dodging
  2768 | D:4      | Identified the +0 mace of Okawaru's Hope {venom, rElec rF+
                  | Will- Dex+6}
  2775 | D:4      | Identified the ring of Vuufydef {rElec rC+ Int+6 Slay-3
                  | SInv}
  3025 | D:4      | Noticed Blork the orc
  3044 | D:4      | Killed Blork the orc
  3123 | D:4      | Found a shimmering blue altar of Sif Muna.
  3746 | D:4      | Reached skill level 7 in Maces & Flails
  3746 | D:4      | Reached XP level 7. HP: 55/56 MP: 15/15
  3829 | D:5      | Entered Level 5 of the Dungeon
  3923 | D:5      | Found a glowing silver altar of Zin.
  4347 | D:5      | Found a staircase to the Ecumenical Temple.
  4397 | D:5      | Found a shadowy altar of Dithmenos.
  4599 | D:5      | Noticed Pikel
  4781 | D:5      | Reached XP level 8. HP: 32/61 MP: 12/16
  4960 | Temple   | Entered the Ecumenical Temple
  5064 | Temple   | Became a worshipper of Gozag Ym Sagoz the Greedy
  5151 | D:5      | Killed Pikel
  5489 | D:5      | Learned a level 3 spell: Stone Arrow
  5493 | D:5      | Learned a level 3 spell: Frozen Ramparts
  5562 | D:6      | Found a bloodstained altar of Trog.
  5657 | D:6      | Found a runed translucent gate.
  5657 | D:6      | Found a runed translucent gate.
  5658 | D:6      | Found a runed translucent gate.
  5662 | D:6      | Noticed tinescath's ghost (novice DrHW)
  5681 | D:6      | Noticed a wizard
  5684 | D:6      | Killed a wizard
  6052 | D:6      | Found Suwnoas's Specific Store.
  6073 | D:6      | Reached XP level 9. HP: 22/69 MP: 18/18
  6097 | D:6      | Found Caulogu's General Store.
  6229 | D:6      | Bought a +0 helmet of intelligence for 149 gold pieces
  6229 | D:6      | Bought a scroll of fog for 52 gold pieces
  6420 | D:6      | Found Cuobbugg's General Store.
  6695 | D:7      | Found an ornate altar of the Wu Jian Council.
  6769 | D:7      | Found a shimmering altar of Xom.
  6769 | D:7      | Found a shimmering altar of Xom.
  6774 | D:7      | Found a shimmering altar of Xom.
  6774 | D:7      | Found a shimmering altar of Xom.
  6775 | D:7      | Found a shimmering altar of Xom.
  6775 | D:7      | Found a shimmering altar of Xom.
  6776 | D:7      | Found a shimmering altar of Xom.
  7411 | D:7      | Reached skill level 8 in Maces & Flails
  8291 | D:8      | Noticed a hornet
  8367 | D:8      | Killed a hornet
  8368 | D:8      | Reached skill level 5 in Invocations
  8795 | D:8      | Found an ancient bone altar of Kikubaaqudgha.
  8926 | D:8      | Reached skill level 5 in Short Blades
  8926 | D:8      | Reached skill level 5 in Long Blades
  8926 | D:8      | Reached skill level 5 in Axes
  8926 | D:8      | Reached skill level 5 in Polearms
  8926 | D:8      | Reached skill level 5 in Staves
  8926 | D:8      | Reached skill level 5 in Ranged Weapons
  8926 | D:8      | Reached skill level 5 in Throwing
  8926 | D:8      | Reached skill level 5 in Armour
  8926 | D:8      | Reached skill level 5 in Stealth
  8926 | D:8      | Reached skill level 5 in Shields
  8926 | D:8      | Reached skill level 5 in Unarmed Combat
  8926 | D:8      | Reached skill level 5 in Evocations
  8926 | D:8      | Reached XP level 10. HP: 62/77 MP: 20/20
  9335 | D:9      | Found an iron altar of Okawaru.
  9905 | D:9      | Found a blossoming altar of Fedhas.
 10202 | D:9      | Found a radiant altar of Vehumet.
 10442 | D:9      | Found Xeasazuc's Jewellery Shoppe.
 10736 | D:10     | Entered Level 10 of the Dungeon
 10744 | D:10     | Noticed a death yak
 11200 | D:10     | Found a staircase to the Lair.
 11200 | D:10     | Noticed a death yak
 11200 | D:10     | Noticed a death yak
 11264 | D:9      | Killed a death yak
 11519 | D:10     | Noticed a two-headed ogre
 11555 | D:10     | Killed a two-headed ogre
 11655 | D:9      | Reached skill level 9 in Maces & Flails
 11656 | D:9      | Reached skill level 5 in Hexes
 11656 | D:9      | Reached skill level 5 in Summonings
 11656 | D:9      | Reached skill level 5 in Necromancy
 11656 | D:9      | Reached skill level 5 in Translocations
 11656 | D:9      | Reached skill level 5 in Transmutations
 11656 | D:9      | Reached skill level 5 in Fire Magic
 11656 | D:9      | Reached skill level 5 in Ice Magic
 11656 | D:9      | Reached skill level 5 in Air Magic
 11656 | D:9      | Reached skill level 5 in Earth Magic
 11656 | D:9      | Reached skill level 5 in Poison Magic
 11827 | D:10     | Reached XP level 11. HP: 80/85 MP: 22/22
 11871 | D:10     | Found a staircase to the Orcish Mines.
 12116 | D:9      | Killed a death yak
 12665 | D:9      | Killed a death yak
 13394 | D:10     | HP: 1/86 [yak (8)]
 14304 | Lair:1   | Entered Level 1 of the Lair of Beasts
 14338 | Lair:1   | Noticed a minotaur
 14339 | Lair:1   | Noticed MrRush's ghost (journeyman MiFi)
 15158 | Lair:1   | Found a runed translucent gate.
 15158 | Lair:1   | Found a runed translucent gate.
 15158 | Lair:1   | Found a runed translucent gate.
 15449 | Lair:1   | Reached XP level 12. HP: 89/94 MP: 17/24
 15540 | Lair:1   | You fall into a shaft and drop 1 floor!
 16647 | Lair:2   | Reached skill level 10 in Maces & Flails
 17173 | Lair:2   | Found a staircase to the Shoals.
 17395 | Lair:2   | HP: 2/94 [poisoned by a cane toad]
 18709 | Lair:3   | Found an ornate altar of the Wu Jian Council.
 18709 | Lair:3   | Found a hide-covered altar of Uskayaw.
 18709 | Lair:3   | Noticed a boulder beetle
 19383 | Lair:3   | Killed a boulder beetle
 19878 | Lair:3   | Found a hole to the Spider Nest.
 20442 | Lair:4   | Reached XP level 13. HP: 101/101 MP: 22/26
 20953 | Lair:4   | Noticed Kirke
 21690 | D:11     | Identified the ring "Exeolu" {Wiz rElec rC++}
 21707 | D:11     | Noticed a fire dragon
 21717 | D:11     | Killed from afar by a fire dragon

Illustrated notes

Levels and vault maps discovered:
D:1:      eino_arrival_water_star, layout_basic,
          ebering_ecumenical_altar_sacrificial, serial_shops,
          nicolae_shop_crystal
D:2:      layout_loops_corners
D:3:      layout_loops_ring, palyth_stone_intersect, uniq_jessica
D:4:      layout_basic, mainiacjoe_overflow_24_doors, uniq_blork_the_orc
D:5:      layout_basic, lemuel_round_altar, nicolae_dithmenos_the_darkroom,
          minmay_temple_entry_enclosed_plants, chequers_garden,
          kennysheep_decorative_pillar, uniq_pikel
D:6:      layout_basic, trog_wizard, gammafunk_ghost_necromancy,
          grunt_decor_resistance, nicolae_take_the_stairs,
          nicolae_specific_store
D:7:      layout_layer_cave, xom_redecorated, nzn_wu_jian_contemplation,
          dk_vineyard_3
D:8:      layout_layer_cave, mainiacjoe_overflow_paths
D:9:      layout_irregular_city, kennysheep_little_box, fiery_altar_vehumet,
          okawaru_trees_1, serial_shops, shop, serial_bayou_lagoon_a,
          fungi_pond_lemuel, minivault_21
D:10:     layout_small_grid, dpeg_lair_monsters, zombieorc2_lemuel
D:11:     minmay_the_grid_square_5x5_5x5_mashed
          [minmay_the_grid_square_5x5_spiral_small,
          minmay_the_grid_square_5x5_inset, minmay_the_grid_square_5x5_slash,
          minmay_the_grid_square_5x5_three_walls,
          minmay_the_grid_square_5x5_meh, minmay_the_grid_square_5x5_mess,
          minmay_the_grid_square_5x5_prize_monsterx,
          minmay_the_grid_square_5x5_minimal,
          minmay_the_grid_square_5x5_prize_pseudospiral,
          minmay_the_grid_square_5x5_inner_z,
          minmay_the_grid_square_5x5_three_small,
          minmay_the_grid_square_5x5_comb,
          minmay_the_grid_square_5x5_prize_open, minmay_the_grid_square_5x5_z,
          minmay_the_grid_square_5x5_n, minmay_the_grid_square_5x5_minibox,
          minmay_the_grid_square_5x5_prize_gold,
          minmay_the_grid_square_5x5_inner_i,
          minmay_the_grid_square_5x5_prize_itemx,
          minmay_the_grid_square_5x5_two, minmay_the_grid_square_5x5_corner,
          minmay_the_grid_square_5x5_percent,
          minmay_the_grid_square_5x5_beaten_path,
          minmay_the_grid_square_5x5_one_wall,
          minmay_the_grid_square_5x5_moneybag], layout_loops_ring
Temple:   nicolae_temple_godzebo
Lair:1:   layout_regular_city, maelrawn_ghost_gauntlet_escape, lemuel_fruit_tree
Lair:2:   layout_roguey, minmay_shoals_entry_centaurs
Lair:3:   layout_small_grid, spider_nest_entry_funnel_web,
          nzn_masters_of_martial_movement
Lair:4:   layout_roguey, grunt_megastairs_3, uniq_kirke

Skill      XL: |  1  2  3  4  5  6  7  8  9 10 11 12 13 |
---------------+----------------------------------------+-----
Spellcasting   | 5 6 7 8 9 |  9.9
Invocations    | 1 2 3 4 5 6 7 8 9 |  9.3
Short Blades   | 1 2 3 5 6 7 8 |  8.5
Long Blades    | 1 2 3 5 6 7 8 |  8.5
Axes           | 1 2 3 5 6 7 8 |  8.5
Polearms       | 1 2 3 5 6 7 8 |  8.5
Staves         | 1 2 3 5 6 7 8 |  8.5
Ranged Weapons | 1 2 3 5 6 7 8 |  8.5
Throwing       | 1 2 3 5 6 7 8 |  8.5
Armour         | 1 2 3 5 6 7 8 |  8.5
Stealth        | 1 2 3 5 6 7 8 |  8.5
Shields        | 1 2 3 5 6 7 8 |  8.5
Unarmed Combat | 1 2 3 5 6 7 8 |  8.5
Evocations     | 1 2 3 5 6 7 8 |  8.5
Hexes          | 1 2 3 4 5 6 7 |  7.1
Summonings     | 1 2 3 4 5 6 7 |  7.1
Necromancy     | 1 2 3 4 5 6 7 |  7.1
Translocations | 1 2 3 4 5 6 7 |  7.1
Transmutations | 1 2 3 4 5 6 7 |  7.1
Fire Magic     | 1 2 3 4 5 6 7 |  7.1
Ice Magic      | 1 2 3 4 5 6 7 |  7.1
Air Magic      | 1 2 3 4 5 6 7 |  7.1
Earth Magic    | 1 2 3 4 5 6 7 |  7.1
Poison Magic   | 1 2 3 4 5 6 7 |  7.1
Fighting       | 5 6 7 8 9 |  9.7
Dodging        | 5 6 7 8 9 |  9.7
Maces & Flails | 7 8 9 10 | 10.8
Conjurations   | 6 7 8 9 |  9.0

Action                     |  1- 3 |  4- 6 |  7- 9 | 10-12 | 13-15 || total
---------------------------+-------+-------+-------+-------+-------++-------
  Melee: Mace              |   116 |    90 |       |       |       ||   206
         Bite              |     5 |    10 |    14 |    58 |    21 ||   108
         Punch             |     3 |     1 |     6 |    13 |       ||    23
         Flail             |       |    57 |   186 |    32 |       ||   275
         Morningstar       |       |       |       |   438 |   121 ||   559
         Unarmed           |       |       |       |    15 |       ||    15
   Cast: Momentum Strike   |       |     6 |    10 |     3 |       ||    19
         Kiss of Death     |       |     1 |     2 |     1 |       ||     4
         Hailstorm         |       |       |    10 |     3 |       ||    13
         Frozen Ramparts   |       |       |     7 |    39 |    13 ||    59
         Stone Arrow       |       |       |     4 |   107 |    13 ||   124
 Invoke: Call Merchant     |       |       |       |     1 |       ||     1
  Evoke: Wand              |       |       |     2 |     1 |     1 ||     4
         Lightning rod     |       |       |       |     1 |     1 ||     2
    Use: Potion            |       |     2 |       |     9 |       ||    11
         Scroll            |       |    10 |     6 |    16 |       ||    32
   Stab: Sleeping          |     2 |     2 |       |     4 |       ||     8
         Distracted        |       |       |     2 |     1 |       ||     3
         Paralysed         |       |       |     1 |       |       ||     1
 Armour: Leather armour    |    55 |    41 |    92 |   127 |    23 ||   338
  Dodge: Dodged            |    92 |    80 |   179 |   331 |    36 ||   718
         Repelled          |       |       |       |     2 |       ||     2
  Block: Other             |       |       |       |   127 |       ||   127
         Reflection        |       |       |       |     1 |     5 ||     6
         Kite shield       |       |       |       |    45 |    85 ||   130

Table legend: (Time is in decaauts)
 A = Elapsed time spent in this place.
 B = Non-inter-level travel time spent in this place.
 C = Inter-level travel time spent in this place.
 D = Time resting spent in this place.
 E = Time spent auto-exploring this place.
 F = Levels seen in this place.
 G = Mean time per level.
                   A        B        C        D        E       F      G
               +--------+--------+--------+--------+--------+-----+--------+
         Total |  21926 |  21009 |    917 |   6294 |  10000 |  16 | 1370.4 |
       Dungeon |  15016 |  14267 |    749 |   3797 |   7154 |  11 | 1365.1 |
        Temple |    133 |     91 |     42 |      0 |     80 |   1 |  133.0 |
          Lair |   6776 |   6651 |    125 |   2497 |   2766 |   4 | 1694.0 |
               +--------+--------+--------+--------+--------+-----+--------+

Top non-repeatable levels by time:
     D:9: 3075 daAuts
  Lair:1: 2161 daAuts
    D:10: 2054 daAuts
  Lair:2: 1868 daAuts
  Lair:3: 1783 daAuts
     D:5: 1538 daAuts
     D:7: 1429 daAuts
     D:4: 1297 daAuts
     D:8: 1276 daAuts
     D:3: 1215 daAuts
     D:6: 1126 daAuts
  Lair:4: 963 daAuts
     D:2: 751 daAuts
     D:1: 683 daAuts
    D:11: 568 daAuts
